 Dungeon Crawl Stone Soup version bcrawl-1.31.4 (webtiles) character file.

Game seed: 6615416560455286350

230391 Morbidden the Cudgeler (level 8, -5/48 HPs)
             Began as a Skeleton Archaeologist on June 9, 2021.
             Slain by a gnoll
             ... wielding a +0 halberd
              (11 damage)
             ... on level 6 of the Dungeon.
             The game lasted 00:04:40 (4842 turns).

Morbidden the Cudgeler (Skeleton Archaeologist)     Turns: 4842, Time: 00:04:40

Health: -5/48      AC:  7    Str: 19 (20) XL:     8   Next: 13%
Magic:  0/15       EV: 12    Int: 13      God:
Gold:   1847       SH:  0    Dex:  7      Spells: 16/16 levels left

rFire    . . .     SeeInvis .   a - +1 flail (protect)
rCold    + . .     Gourm    .   (no shield)
rNeg     + + +     Faith    .   c - +1 robe
rPois    ∞         Spirit   +   q - +2 hat
rElec    .         Reflect  .   (no cloak)
rCorr    .         Harm     .   (no gloves)
MR       +....                  e - +1 pair of boots
Stlth    ++........             (no amulet)
HPRegen  0.16/turn              (no ring)
MPRegen  0.14/turn              (no ring)

@: no status effects
A: no food or potions, cold resistance 1, deterioration 1, negative energy
resistance 3, powered by death 1, torment resistance, unbreathing, magic shield,
sturdy frame 1, spell healing
a: no special abilities


You were on level 6 of the Dungeon.
You were not hungry.

You visited 1 branch of the dungeon, and saw 6 of its levels.

You collected 1847 gold pieces.

Inventory:

Hand Weapons
 a - a +1 flail of protection (weapon)
 b - a +0 blowgun
Missiles
 f - 6 curare-tipped needles
 h - 106 poisoned tomahawks (quivered)
 n - 56 poisoned needles
Armour
 c - a +1 robe (worn)
 d - a +1 hat
 e - a +1 pair of boots (worn)
 q - a +2 hat (worn)
 r - a +0 cloak
Scrolls
 g - 4 scrolls of magic mapping
 i - 9 scrolls of identify
 j - a scroll of fog {unknown}
 k - a scroll of noise {unknown}
 l - 5 scrolls of amnesia {unknown}
 m - 3 scrolls of remove curse {unknown}
 o - a scroll of teleportation {unknown}
 p - 2 scrolls of enchant weapon {unknown}


   Skills:
 * Level 4.5 Fighting
 + Level 6.5 Maces & Flails
 + Level 1.0 Throwing
 + Level 4.7 Dodging
 + Level 5.2 Stealth
 * Level 4.8 Spellcasting


You had 16 spell levels left.
You didn't know any spells.
Your spell library was empty.

Dungeon Overview and Level Annotations

Branches:
Dungeon (6/12)
 Temple: D:4-7

Altars:
Elyvilon
Fedhas
Qazlal
Vehumet
Wu Jian
The Shining One

Shops:
D:4 }


Innate Abilities, Weirdness & Mutations

You do not eat or drink.
You are immune to poison.
Your flesh is cold resistant. (rC+)
Your body sometimes deteriorates upon taking damage.
You are immune to negative energy. (rN+++)
You regenerate a little health from kills.
You are immune to unholy pain and torment.
You can survive without breathing.
When hurt, damage is shared between your health and your magic reserves.
Your movements are slightly less encumbered by armour. (ER -2)
Casting spells heals you.


Message History

The gnoll barely misses you.
You see here a +0 whip.
The gnoll hits you from afar with a +0 halberd!!
* * * LOW HITPOINT WARNING * * *
You kill the gnoll!
Throwing (i - inventory)
h - 108 poisoned tomahawks (quivered)
Press: ? - help, Shift-Dir - straight line, f - gnoll
Aim: a gnoll, wielding a +0 halberd You throw a poisoned tomahawk.
The poisoned tomahawk hits the gnoll.
The gnoll is poisoned.
The gnoll is moderately wounded.
The gnoll closely misses you.
No path to travel!
Throwing (i - inventory)
h - 107 poisoned tomahawks (quivered)
Press: ? - help, Shift-Dir - straight line, f/p - gnoll
Aim: a gnoll, wielding a +0 halberd (heavily wounded, poisoned)
You throw a poisoned tomahawk. The poisoned tomahawk hits the gnoll.
The gnoll is severely wounded.
The gnoll hits you from afar with a +0 halberd!
You die...

### ##.## #.@.##
### ##...##..###
#.g.......##
#..).......###.#
##..............#
#.#............#
##)............#
#>............#
#....?........#


You could see a gnoll.

Vanquished Creatures
  Edmund (D:4)
  2 phantoms
  A sky beast (D:5)
  An ogre (D:4)
  A big kobold (D:5)
  2 scorpions (D:4)
  A crimson imp (D:5)
  2 hounds (D:5)
  2 bullfrog skeletons (D:5)
  A jelly (D:4)
  2 iguanas
  3 worker ants
  A hound skeleton (D:2)
  3 adders
  2 gnolls (D:6)
  A howler monkey skeleton (D:4)
  A shadow imp (D:5)
  2 oozes
  An adder zombie (D:4)
  2 adder skeletons
  2 worms
  2 leopard geckos
  11 orcs
  6 bats
  4 giant cockroaches
  5 goblins
  12 hobgoblins
  10 jackals
  2 frilled lizards
  14 kobolds
  2 quokka skeletons (D:4)
  10 rats
112 creatures vanquished.

Notes
Turn   | Place    | Note
-------+----------+-------------------------------------------
     0 | D:1      | Morbidden the Skeleton Archaeologist began the quest for
                  | the Orb.
     0 | D:1      | Reached XP level 1. HP: 12/12 MP: 1/1
   216 | D:1      | Reached XP level 2. HP: 12/16 MP: 2/2
  1171 | D:2      | Reached skill level 1 in Spellcasting
  1171 | D:2      | Reached XP level 3. HP: 4/20 MP: 0/4
  1418 | D:2      | Reached skill level 2 in Maces & Flails
  2013 | D:3      | Reached XP level 4. HP: 26/26 MP: 6/6
  2120 | D:3      | Found a white marble altar of Elyvilon.
  3059 | D:4      | Found Mufics's Gadget Emporium.
  3076 | D:4      | Reached skill level 3 in Maces & Flails
  3076 | D:4      | Reached XP level 5. HP: 18/30 MP: 5/8
  3076 | D:4      | Identified a scroll of acquirement
  3076 | D:4      | Identified the +0 helmet "Kuecing" {Int+4 Dex-4} (You
                  | acquired it on level 4 of the Dungeon)
  3076 | D:4      | Identified the ring of Qigegran {rF- rN+ MP+9 Stlth++} (You
                  | acquired it on level 4 of the Dungeon)
  3283 | D:4      | Found a blossoming altar of Fedhas.
  3290 | D:4      | Found a radiant altar of Vehumet.
  3292 | D:4      | Found a stormy altar of Qazlal.
  3332 | D:4      | Noticed an ogre
  3345 | D:4      | Killed an ogre
  3346 | D:4      | Reached skill level 4 in Maces & Flails
  3346 | D:4      | Gained mutation: You regenerate a little health from kills.
                  | [Skeleton growth]
  3346 | D:4      | Reached XP level 6. HP: 10/36 MP: 3/10
  3698 | D:4      | Found an ornate altar of the Wu Jian Council.
  3881 | D:4      | Noticed Edmund
  3894 | D:4      | Killed Edmund
  3895 | D:4      | Reached skill level 5 in Maces & Flails
  3895 | D:4      | Reached skill level 5 in Stealth
  3895 | D:4      | Reached XP level 7. HP: 39/41 MP: 10/12
  4127 | D:5      | Entered Level 5 of the Dungeon
  4236 | D:5      | Found a glowing golden altar of the Shining One.
  4283 | D:5      | Reached skill level 1 in Throwing
  4418 | D:5      | Reached skill level 6 in Maces & Flails
  4478 | D:5      | Reached XP level 8. HP: 34/48 MP: 12/14
  4842 | D:6      | Slain by a gnoll

Skill      XL: |  1  2  3  4  5  6  7 |
---------------+----------------------+-----
Stealth        | 4 5 |  5.2
Spellcasting   | 1 2 3 4 |  4.8
Maces & Flails | 2 3 4 5 6 |  6.5
Fighting       | 2 3 4 |  4.5
Dodging        | 4 |  4.7
Throwing       | 1 |  1.0

Action                   |  1- 3 |  4- 6 |  7- 9 || total
-------------------------+-------+-------+-------++-------
Melee: Whip              |   195 |       |       ||   195
       Flail             |       |   136 |   159 ||   295
Throw: Tomahawk          |       |    11 |     4 ||    15
  Use: Scroll            |       |     1 |     2 ||     3
 Stab: Sleeping          |     5 |     4 |     2 ||    11
Armor: Robe              |    69 |    48 |   108 ||   225
Dodge: Dodged            |   129 |    99 |   140 ||   368
